 Dungeon Crawl Stone Soup version 0.28.0-53-g5a82cb258f (webtiles) character file.

Game seed: 10973199410826096948

123 Ashen the Chiller (level 5, -1/50 HPs)
             Began as an Ogre Ice Elementalist on Aug 18, 2022.
             Slain by a killer bee zombie (5 damage)
             ... on level 3 of the Dungeon.
             The game lasted 00:04:50 (2580 turns).

Ashen the Chiller (Ogre Ice Elementalist)           Turns: 2580, Time: 00:04:50

Health: -1/50      AC:  3    Str: 12    XL:     5   Next: 7%
Magic:  9/9        EV: 10    Int: 18    God:
Gold:   107        SH:  0    Dex:  9    Spells: 9/10 levels left

rFire   . . .      SeeInvis .   c - +0 whip
rCold   . . .      Faith    .   (no shield)
rNeg    . . .      Spirit   .   a - +0 robe
rPois   .          Reflect  .   (helmet restricted)
rElec   .          Harm     .   (no cloak)
rCorr   .          Rampage  .   (gloves unavailable)
Will    .....                   (boots unavailable)
Stlth   ++........              (no amulet)
HPRegen 0.16/turn               (no ring)
MPRegen 0.11/turn               (no ring)

@: no status effects
A: large, unfitting armour, tough skin 1
a: no special abilities


You were on level 3 of the Dungeon.
You visited 1 branch of the dungeon, and saw 3 of its levels.

You collected 107 gold pieces.

Inventory:

Hand Weapons
 c - a +0 whip (weapon)
Armour
 a - a +0 robe (worn)
Scrolls
 b - a scroll of amnesia {unknown}
 d - a scroll of teleportation {unknown}
 e - 4 scrolls of identify {unknown}
 g - a scroll of brand weapon {unknown}
 h - a scroll of fear {unknown}
 i - a scroll of torment {unknown}
Potions
 f - a potion of mutation {unknown}


   Skills:
 + Level 2.5 Fighting
 + Level 2.5 Dodging
 + Level 2.1 Stealth
 + Level 3.3 Spellcasting
 + Level 4.0 Ice Magic


You had 9 spell levels left.
You knew the following spells:

 Your Spells              Type           Power      Damage    Failure   Level
a - Freeze                Ice            68%        1d8       3%          1

Your spell library contained the following spells:

 Spells                   Type           Power      Damage    Failure   Level
 Frozen Ramparts          Ice            34%        1d5       9%          3
 Ozocubu's Armour         Ice            17%        N/A       9%          3
 Portal Projectile        Hex/Tloc       4%         N/A       43%         3
 Hailstorm                Conj/Ice       10%        3d5       56%         4
 Blade Hands              Tmut           1%         N/A       99%         5
 Excruciating Wounds      Necr           1%         N/A       99%         5


Dungeon Overview and Level Annotations

Branches:
Dungeon (3/15)

Altars:


Innate Abilities, Weirdness & Mutations

You are too large for most types of armour.
You have tough skin. (AC +1)


Message History

The killer bee zombie is severely damaged.
The killer bee zombie completely misses you.
The killer bee zombie hits you.
You miss the killer bee zombie.
The killer bee zombie is severely damaged.
The killer bee zombie hits you!
The killer bee zombie closely misses you.
You are too injured to fight recklessly!
You are too injured to fight recklessly!
You are too injured to fight recklessly!
You are too injured to fight recklessly!
You are too injured to fight recklessly!
You barely miss the killer bee zombie.
The killer bee zombie is severely damaged.
The killer bee zombie hits you but does no damage.
The killer bee zombie hits you.
You miss the killer bee zombie.
The killer bee zombie is severely damaged.
The killer bee zombie hits you!
* * * LOW HITPOINT WARNING * * *
The killer bee zombie hits you.
* * * LOW HITPOINT WARNING * * *
You closely miss the killer bee zombie.
The killer bee zombie is severely damaged.
The killer bee zombie hits you but does no damage.
The killer bee zombie hits you.
* * * LOW HITPOINT WARNING * * *
You hit the killer bee zombie.
The killer bee zombie is severely damaged.
The killer bee zombie hits you but does no damage. x2
You hit the killer bee zombie.
The killer bee zombie is almost destroyed.
The killer bee zombie barely misses you.
The killer bee zombie hits you.
* * * LOW HITPOINT WARNING * * *
You barely miss the killer bee zombie. You punch the killer bee zombie.
The killer bee zombie is almost destroyed.
The killer bee zombie completely misses you.
The killer bee zombie hits you.
You die...

#####.#
#.@Z..#
#.#####
##########.#
#........#.#
#........#.#
#........#.#
#........#.#
+..........#
#........#.#


You could see a killer bee zombie.

Vanquished Creatures
  An iguana (D:2)
  An adder (D:2)
  3 gnolls (D:2)
  3 dart slugs
  6 endoplasms
  4 giant cockroaches
  5 goblins
  5 hobgoblins
  3 jackals (D:1)
  2 kobolds (D:2)
  2 quokkas
  5 ball pythons
  6 bats
  3 frilled lizards
  4 rats
53 creatures vanquished.

Notes
Turn   | Place    | Note
-------+----------+-------------------------------------------
     0 | D:1      | Ashen the Ogre Ice Elementalist began the quest for the
                  | Orb.
     0 | D:1      | Reached XP level 1. HP: 16/16 MP: 3/3
   224 | D:1      | Reached XP level 2. HP: 25/26 MP: 1/5
   347 | D:1      | Reached skill level 1 in Fighting
   638 | D:1      | Reached XP level 3. HP: 33/33 MP: 5/7
  1383 | D:2      | Reached XP level 4. HP: 17/42 MP: 5/8
  1698 | D:2      | Found a faded altar of an unknown god.
  1705 | D:2      | Reached skill level 4 in Ice Magic
  1870 | D:2      | Reached XP level 5. HP: 17/50 MP: 1/9
  2580 | D:3      | Slain by a killer bee zombie

Illustrated notes

Levels and vault maps discovered:
D:1:      dpeg_arrival_rhombus, layout_basic
D:2:      layout_basic, basic_ecumenical_altar, kennysheep_minor_cross
D:3:      layout_basic, uniq_natasha, uniq_robin

Skill      XL: |  1  2  3  4 |
---------------+-------------+-----
Dodging        | 2 |  2.5
Fighting       | 1 2 |  2.5
Spellcasting   | 3 |  3.3
Stealth        | 2 |  2.1
Ice Magic      | 4 |  4.0

Action                   |  1- 3 |  4- 6 || total
-------------------------+-------+-------++-------
Melee: Unarmed           |     4 |       ||     4
       Whip              |    60 |    39 ||    99
       Punch             |     2 |     2 ||     4
 Cast: Freeze            |    46 |    10 ||    56
 Stab: Sleeping          |     6 |     2 ||     8
       Distracted        |     1 |       ||     1
Armor: Robe              |    36 |    15 ||    51
Dodge: Dodged            |    51 |    24 ||    75
